 Dungeon Crawl Stone Soup version 0.25.1-1-g288607f5aa (webtiles) character file.

Game seed: 10973789279612214866

8242 Ijustatesigmund the Cleaver (level 11, -1/121 HPs)
             Began as an Octopode Fighter on July 24, 2020.
             Killed by divine providence
             ... invoked by an orc priest
             ... summoned by an orange crystal statue
              (12 damage)
             ... while paralysed
             ... on level 7 of the Dungeon.
             The game lasted 00:22:00 (12329 turns).

Ijustatesigmund the Cleaver (Octopode Fighter)     Turns: 12329, Time: 00:22:00

Health: -1/121     AC: 25    Str: 21 (22) XL:     11   Next: 27%
Magic:  0/20       EV:  2    Int:  7 (11) God:
Gold:   544        SH:  0    Dex: 12 (14) Spells: 10/10 levels left

rFire    + . .     SeeInvis .   a - +1 war axe
rCold    + . .     Gourm    .   b - +1 tower shield
rNeg     + + +     Faith    .   (helmet currently unavailable)
rPois    +         Spirit   +   k - amulet of guardian spirit
rElec    +         Reflect  .   e - +6 ring of strength
rCorr    +         Harm     .   n - ring of positive energy
MR       .....     NoTele   +   F - ring "Tiocil Kank" {Wiz rPois MP+9}
Stlth    +.........             (no ring)
HPRegen  0.30/turn              (no ring)
MPRegen  0.17/turn              (no ring)
                                (no ring)
                                (no ring)

@: confused, paralysed, tree-form, resistant, berserk cooldown, slowed
A: almost no armour, stealthy swim, (amphibious), 8 rings, (constrict 8)
a: no special abilities


You were on level 7 of the Dungeon.
You were not hungry.
You were a tree.
You visited 2 branches of the dungeon, and saw 11 of its levels.

You collected 544 gold pieces.

Inventory:

Hand Weapons
 a - a +1 war axe (weapon)
 u - a +0 vampiric whip
Missiles
 v - a javelin (quivered)
Armour
 b - a +1 tower shield (worn)
 z - the +0 hat of Cowardice (melded) {rF- Str+5 Dex+4}
   (You found it on level 6 of the Dungeon)

   It affects your strength (+5).
   It affects your dexterity (+4).
   It makes you vulnerable to fire.
Jewellery
 c - a +6 ring of intelligence
 e - a +6 ring of strength (left branch)
 k - an amulet of guardian spirit (around neck)
 n - a ring of positive energy (right branch)
 o - an uncursed ring of fire
 F - the ring "Tiocil Kank" (on tentacle) {Wiz rPois MP+9}
   (You acquired it on level 8 of the Dungeon)

   [ring of wizardry]

   It improves your spell success rate.
   It protects you from poison.
   It affects your magic capacity (+9).
Wands
 p - a wand of polymorph (8)
 r - a wand of flame (16)
 C - a wand of paralysis (3)
Scrolls
 x - 2 scrolls of remove curse
 y - a scroll of amnesia
 A - 3 scrolls of magic mapping
 D - 3 scrolls of teleportation
 E - 3 scrolls of enchant armour
Potions
 g - 2 potions of brilliance
 h - a potion of resistance
 i - 2 potions of stabbing
 j - a potion of flight
 m - a potion of lignification
 s - a potion of invisibility {unknown}
 t - 2 potions of degeneration
 w - a potion of magic {unknown}
Comestibles
 d - 10 rations


   Skills:
 + Level 9.9 Fighting
 + Level 10.9 Axes
 - Level 5.1 Throwing
 + Level 3.7 Dodging
 - Level 8.3 Shields


You had 10 spell levels left.
You didn't know any spells.
Your spell library contained the following spells:

 Spells                   Type           Power        Failure   Level  Hunger
 Sting                    Tmut/Pois      #...         82%         1    ##.....
 Poisonous Vapours        Pois/Air       #.....       91%         2    ###....
 Confusing Touch          Hex            #.......     99%         3    ####...
 Gell's Gravitas          Tloc           #.........   99%         3    ####...
 Ignite Poison            Fire/Tmut/Pois #.......     99%         3    ####...
 Mephitic Cloud           Conj/Pois/Air  #.......     99%         3    ####...
 Olgreb's Toxic Radiance  Pois           #.......     100%        4    #####..
 Petrify                  Tmut/Erth      #.......     100%        4    #####..
 Fireball                 Conj/Fire      #.........   100%        5    ######.
 Metabolic Englaciation   Hex/Ice        #.........   100%        5    ######.
 Yara's Violent Unravell  Hex/Tmut       #.........   100%        5    ######.
 Starburst                Conj/Fire      #.........   100%        6    #######
 Ring of Flames           Chrm/Fire      #.........   100%        7    #######
 Ignition                 Fire           #.........   100%        8    #######


Dungeon Overview and Level Annotations

Branches:
Dungeon (10/15)            Temple (1/1) D:5            Lair (0/6) D:9
    Orc (0/2) D:9

Altars:
Ashenzari
Cheibriados
Dithmenos
Elyvilon
Fedhas
Gozag
Hepliaklqana
Kikubaaqudgha
Makhleb
Nemelex Xobeh
Okawaru
Qazlal
Ru
Sif Muna
Trog
Uskayaw
Vehumet
Wu Jian
Xom
Yredelemnul
Zin
The Shining One

Shops:
D:6 (   D:10 [

Annotations:
D:7 1 runed translucent door, exclusion: 4 orange crystal statues
D:10 Maggie


Innate Abilities, Weirdness & Mutations

You cannot wear most types of armour.
You are very stealthy in the water. (Stealth+)
((You are amphibious.))
You can wear up to eight rings at the same time.
((You can use your tentacles to constrict eight enemies at once.))
((Your skin changes colour to match your surroundings (Stealth+).))
((Your rubbery body absorbs attacks. (AC +1, EV +1)))


Message History

The adder bites you but does no damage.
You hear some strange, mumbled words.
A magic dart appears from out of thin air!
The magic dart hits you!
* * * LOW HITPOINT WARNING * * *
The adder bites you but does no damage.
The orange crystal statue glitters.
You easily resist.
Something hits you but does no damage.
The orange crystal statue fixes its piercing gaze on you.
You feel your power leaking away.
You nearly hit yourself!
You feel a strong urge to attack something.
You are no longer berserk.
You pass out from exhaustion.
You feel yourself slow down.
The jackal bites you but does no damage.
The adder bites you but does no damage.
The orc priest mumbles some strange prayers to Beogh against you.
Beogh smites you!
You die...

###############
#.............#
#.............#
#..####'####..#
#..#8...S.8#.##
#..#.#.S{#h#.#
#..#...oS♣.#.#
#..#...oS{H#.#
#..#...Z.o.#.#
#..#.#...#.#.#
###..#8.....8#.#
#....####+####.#
#..............#
#........###..## #########
#.....[..###.#######.......#


You could see 4 orange crystal statues, a hippogriff (summoned), a water
moccasin (summoned), 2 orc priests, 2 adders, an orc (summoned), a worker ant
zombie (summoned), a jackal (summoned) and a ball python (summoned).

Vanquished Creatures
  A centaur warrior (D:7)
  2 two-headed ogres (D:9)
  An elephant (D:9)
  A kobold demonologist (D:7)
  Grinder (D:3)
  2 hippogriffs
  6 yaks
  A hungry ghost (D:10)
  A basilisk (D:9)
  A warg (D:8)
  2 sky beasts
  2 phantoms
  A black bear (D:10)
  7 ogres
  3 orc warriors
  An eye of draining (D:9)
  3 centaurs
  2 big kobolds
  A crocodile (D:9)
  3 bullfrogs
  2 wyvern skeletons
  2 scorpions
  A water moccasin skeleton (D:8)
  5 wights (D:9)
  3 howler monkeys
  3 crimson imps
  2 hounds
  A jelly (D:10)
  11 orc priests
  3 iguanas
  Jessica (D:2)
  8 orc wizards
  5 worker ants
  2 hound skeletons
  A howler monkey zombie (D:8)
  A worker ant zombie (D:6)
  7 adders
  3 shadow imps
  An ooze (D:5)
  An adder skeleton (D:7)
  6 worms
  3 dart slugs
  7 leopard geckos
  36 orcs
  4 giant cockroaches
  7 goblins
  6 hobgoblins
  6 quokkas
  2 ball pythons
  10 bats
  5 frilled lizards
  14 kobolds
  7 rats
218 creatures vanquished.

Vanquished Creatures (others)
  A fungus (D:9)
  A plant (D:9)
2 creatures vanquished.

Grand Total: 220 creatures vanquished

Notes
Turn   | Place    | Note
-------+----------+-------------------------------------------
     0 | D:1      | Ijustatesigmund the Octopode Fighter began the quest for
                  | the Orb.
     0 | D:1      | Reached XP level 1. HP: 16/16 MP: 1/1
   299 | D:1      | Reached XP level 2. HP: 13/21 MP: 2/2
   913 | D:2      | Reached XP level 3. HP: 26/26 MP: 3/3
  1333 | D:2      | Noticed Jessica
  1340 | D:2      | Killed Jessica
  1340 | D:2      | Reached skill level 3 in Axes
  1340 | D:2      | Reached XP level 4. HP: 25/31 MP: 4/4
  2225 | D:3      | Reached XP level 5. HP: 36/36 MP: 5/5
  2394 | D:3      | Found a sparkling altar of Nemelex Xobeh.
  2444 | D:3      | Noticed Grinder
  2449 | D:3      | Paralysed by Grinder for 3 turns
  2455 | D:3      | Killed Grinder
  2455 | D:3      | Reached skill level 4 in Axes
  2455 | D:3      | Reached XP level 6. HP: 23/43 MP: 6/6
  2884 | D:4      | Found a glowing golden altar of the Shining One.
  2884 | D:4      | Found a snail-covered altar of Cheibriados.
  2890 | D:4      | Found a shimmering blue altar of Sif Muna.
  2892 | D:4      | Found an opulent altar of Gozag.
  2892 | D:4      | Found a burning altar of Makhleb.
  3033 | D:4      | Reached skill level 5 in Axes
  3231 | D:4      | Found a glowing silver altar of Zin.
  3298 | D:4      | Reached XP level 7. HP: 15/49 MP: 7/7
  3818 | D:5      | Entered Level 5 of the Dungeon
  3836 | D:5      | Found a staircase to the Ecumenical Temple.
  3845 | Temple   | Entered the Ecumenical Temple
  4152 | D:5      | Reached skill level 5 in Shields
  4153 | D:5      | Reached skill level 5 in Fighting
  4203 | D:5      | Found a basalt altar of Yredelemnul.
  4333 | D:5      | Reached skill level 6 in Axes
  4483 | D:5      | Reached XP level 8. HP: 55/55 MP: 8/8
  5112 | D:6      | Found Buugg's Weapon Emporium.
  5378 | D:6      | Reached skill level 7 in Axes
  5388 | D:6      | Got an encrusted hat
  5394 | D:6      | Identified the cursed +0 hat of Cowardice {rF- Str+5 Dex+4}
                  | (You found it on level 6 of the Dungeon)
  6291 | D:7      | Found a runed translucent door.
  6326 | D:7      | Found the +10 tower shield of Ignorance {rN+ Int-4}
  6349 | D:7      | Found a runed translucent door.
  6355 | D:7      | Noticed an orange crystal statue
  6355 | D:7      | Noticed an orange crystal statue
  6355 | D:7      | Noticed an orange crystal statue
  6355 | D:7      | Noticed an orange crystal statue
  6356 | D:7      | Noticed a hornet
  6368 | D:7      | Paralysed by a hornet for 1 turns
  6863 | D:7      | Reached XP level 9. HP: 52/63 MP: 9/9
  6863 | D:7      | Reached skill level 8 in Axes
  6988 | D:7      | Noticed a kobold demonologist
  6988 | D:7      | Noticed a centaur warrior
  7215 | D:8      | Paralysed by a kobold for 3 turns
  7675 | D:8      | Identified a scroll of acquirement
  7675 | D:8      | Acquired the ring "Tiocil Kank" {Wiz rPois MP+9}
  8504 | D:9      | Found a staircase to the Orcish Mines.
  8509 | D:9      | Reached skill level 9 in Axes
  8570 | D:9      | Noticed an elephant
  8588 | D:9      | Killed an elephant
  8588 | D:9      | Reached XP level 10. HP: 8/72 MP: 10/10
  9057 | D:9      | Noticed a two-headed ogre
  9067 | D:9      | Noticed a two-headed ogre
  9072 | D:9      | Killed a two-headed ogre
  9240 | D:9      | Found a staircase to the Lair.
  9253 | D:9      | HP: 1/72 [basilisk (7)]
  9752 | D:9      | Killed a two-headed ogre
 10034 | D:9      | Reached skill level 10 in Axes
 10385 | D:9      | Found a bloodstained altar of Trog.
 10397 | D:9      | Found an ancient bone altar of Kikubaaqudgha.
 10626 | D:10     | Entered Level 10 of the Dungeon
 11345 | D:10     | Noticed Maggie
 11512 | D:10     | Reached XP level 11. HP: 80/80 MP: 11/11
 11685 | D:10     | Found Poidadeiri's Armour Boutique.
 11865 | D:10     | Noticed a four-headed hydra
 12056 | D:7      | Killed a centaur warrior
 12056 | D:7      | Reached skill level 5 in Throwing
 12318 | D:7      | HP: 6/121 [howler monkey[an orange crystal statue] (2)]
 12329 | D:7      | Killed from afar by an orc priest

Illustrated notes

Levels and vault maps discovered:
D:1:      mushboom_english_gardens, layout_loops_corners, minmay_3d_cube
D:2:      layout_loops_corners, uniq_jessica
D:3:      layout_basic, portal_sewer_entry_e, first_ration,
          nemelex_lonely_heart_becter, uniq_grinder
D:4:      layout_rooms, minitemple
D:5:      layout_basic, temple_statues, yredelemnul_altar_generic
D:6:      layout_basic, serial_shops, shop
D:7:      minmay_the_grid_triangle_9x9_recursive_2
          [minmay_the_grid_triangle_9x9_prize_insulated,
          minmay_the_grid_triangle_9x9_limited_checkers,
          minmay_the_grid_triangle_9x9_semitri,
          minmay_the_grid_triangle_9x9_stretched_checkered], layout_basic,
          chequers_guarded_unrand_ignorance
D:8:      layout_loops_ring
D:9:      layout_loops_ring, kiku_gazebo_garden_becter, lightli_temple_of_fire,
          david_lair_generic, david_orc_3
D:10:     layout_stronghold, serial_shops, shop, uniq_maggie, uniq_erolcha
Temple:   nicolae_temple_great_sept

Skill      XL: |  1  2  3  4  5  6  7  8  9 10 11 |
---------------+----------------------------------+-----
Axes           | 3 4 5 6 7 9 10 | 10.9
Fighting       | 4 5 6 7 9 |  9.9
Shields        | 4 5 6 7 8 |  8.3
Throwing       | 4 5 |  5.1
Dodging        | |  3.7

Action                   |  1- 3 |  4- 6 |  7- 9 | 10-12 || total
-------------------------+-------+-------+-------+-------++-------
Melee: War axe           |    53 |    80 |   204 |   162 ||   499
       Constrict         |    15 |    21 |    56 |    15 ||   107
       Tentacles         |     8 |    20 |    78 |    50 ||   156
Throw: Javelin           |       |       |     7 |     1 ||     8
Evoke: Wand              |       |       |    10 |     1 ||    11
  Use: Scroll            |     7 |     3 |    13 |     3 ||    26
       Potion            |       |     2 |     4 |    10 ||    16
 Stab: Sleeping          |     6 |    10 |    11 |     3 ||    30
       Distracted        |       |     1 |     1 |       ||     2
       Paralysed         |       |       |     2 |       ||     2
  Eat: Chunk             |     1 |     6 |     8 |     5 ||    20
       Ration            |       |       |     3 |     2 ||     5
Armor: Skin              |     3 |     5 |     2 |    98 ||   108
Dodge: Dodged            |    18 |    17 |    47 |    63 ||   145
Block: Kite shield       |    33 |     5 |       |       ||    38
       Tower shield      |       |    64 |   165 |   114 ||   343
